 Dungeon Crawl Stone Soup version 0.29.0-13-gc9e81de378 (webtiles) character file.

Game seed: 8287045505250307172

9 sentinel the Digger (level 2, 12/20 HPs)
             Began as a Meteoran Earth Elementalist on Sept 10, 2022.
             Quit the game on level 2 of the Dungeon.
             The game lasted 00:00:24 (87 turns).

sentinel the Digger (Meteoran Earth Elementalist)     Turns: 87, Time: 00:00:25

Health: 12/20      AC:  2    Str:  9    XL:     2   Next: 35%
Magic:  4/6        EV: 12    Int: 16    God:
Gold:   0          SH:  0    Dex: 14    Spells: 5/6 levels left

rFire   . . .      SeeInvis .   (no weapon)
rCold   . . .      Faith    .   (no shield)
rNeg    . . .      Spirit   .   a - +0 robe
rPois   .          Reflect  .   (no helmet)
rElec   .          Harm     .   (no cloak)
rCorr   .          Rampage  .   (no gloves)
Will    .....                   (no boots)
Stlth   +.........              (no amulet)
HPRegen 0.06/turn               (no ring)
MPRegen 0.10/turn               (no ring)

@: glowing
A: sense surroundings 1, otherworldly, glowing, explore regen
a: no special abilities


You were on level 2 of the Dungeon.
You visited 1 branch of the dungeon, and saw 2 of its levels.

Inventory:

Armour
 a - a +0 robe (worn)
Scrolls
 c - a scroll of identify {unknown}
Potions
 b - a potion of magic


   Skills:
 - Level 2.4 Dodging
 - Level 1.4 Stealth
 - Level 2.6 Spellcasting
 - Level 1.2 Transmutations
 + Level 4.4 Earth Magic


You had 5 spell levels left.
You knew the following spells:

 Your Spells              Type           Power      Damage    Failure   Level
a - Sandblast             Erth           32%        2d9       3%          1

Your spell library contained the following spells:

 Spells                   Type           Power      Damage    Failure   Level
 Passwall                 Tmut/Erth      9%         N/A       10%         2
 Stone Arrow              Conj/Erth      18%        3d8       24%         3
 Petrify                  Tmut/Erth      11%        N/A       52%         4


Dungeon Overview and Level Annotations

Branches:
Dungeon (2/15) Zot: 1108

Altars:

Annotations:
D:2 Robin


Innate Abilities, Weirdness & Mutations

You passively map a small area around you.
You are easily found by Zot.
You glow in the dark.
You regain HP and MP as you explore.


Message History

Welcome, sentinel the Meteoran Earth Elementalist.
Will you prevail where others failed? Will you find the Orb of Zot?
Press ? for a list of commands and other information.
Found 5 stones.
Found a staircase leading out of the dungeon.
You open the gate.
There is an open gate here.
A ball python comes into view.
The ball python hisses angrily.
You see here a scroll labelled BEDEAFOSIY.
You barely miss the ball python. The ball python completely misses you.
The ball python closely misses you.
The blast of sand hits the ball python!
You kill the ball python!
You can't see any susceptible monsters within range! (Use Z to cast anyway.)
c - a scroll labelled BEDEAFOSIY
Found 3 stones.
A frilled lizard comes into view.
Found a stone staircase leading down.
The frilled lizard hisses angrily.
An endoplasm comes into view.
You can't see any susceptible monsters within range! (Use Z to cast anyway.)
You can't see any susceptible monsters within range! (Use Z to cast anyway.)
The blast of sand hits the frilled lizard!
You kill the frilled lizard!
You can't see any susceptible monsters within range! (Use Z to cast anyway.)
The endoplasm quivers.
You miscast Sandblast.
You are very lightly contaminated with residual magic.
Nothing appears to happen.
The blast of sand hits the endoplasm!
You kill the endoplasm!
You can't see any susceptible monsters within range! (Use Z to cast anyway.)
You can't see any susceptible monsters within range! (Use Z to cast anyway.)
Your magical contamination has completely faded away.
There is a stone staircase leading down here.
You climb downwards.
Magic restored.
Found 2 stones.
Found a stone staircase leading up.
There is a stone staircase leading up here.
There is a stone staircase leading up here.
You climb upwards.
The ball python hisses angrily.
Found a leather armour.
There is a stone staircase leading down here.
The blast of sand misses the ball python.
The ball python bites you but does no damage.
The ball python grabs you. The ball python constricts you.
The ball python closely misses you. The ball python constricts you.
The blast of sand hits the ball python!
You kill the ball python!
Your Earth Magic skill increases to level 4!
You can't see any susceptible monsters within range! (Use Z to cast anyway.)
An endoplasm comes into view.
You see here a ball python corpse.
Found 15 gold pieces and a leather armour.
Found 3 stones.
The endoplasm jiggles.
The blast of sand hits the endoplasm!
You kill the endoplasm!
You have reached level 2!
You see here a ball python corpse.
There is a stone staircase leading down here.
You climb downwards.
There is a stone staircase leading up here.
There is a stone staircase leading up here.
A bat comes into view.
A goblin comes into view. It is wielding a +0 dagger.
The goblin shouts!
You hear a shout!
The bat hits you.
Found 7 stones.
The bat barely misses you.
The blast of sand hits the bat!
You kill the bat!
The blast of sand hits the goblin.
You kill the goblin!
You can't see any susceptible monsters within range! (Use Z to cast anyway.)
A hobgoblin and a goblin come into view.
A goblin comes into view. It is wielding a +0 dagger.
A goblin comes into view. It is wielding a +0 club.
A hobgoblin comes into view.
The hobgoblin shouts!
The goblin shouts! x2
Robin of the Strong Arm comes into view.
They are wielding a +0 short sword.
A goblin comes into view. It is wielding a +0 dagger. x2
You hear a shout!
The hobgoblin attacks as you move away! The hobgoblin closely misses you.
Robin laughs in a distinctly smug fashion.
Robin throws the goblin at you! The goblin misses you.
The goblin attacks as you move away! The goblin closely misses you.
The hobgoblin hits you. The hobgoblin attacks as you move away!
The hobgoblin closely misses you. 2 goblins come into view.
Found a scroll labelled ALUILL FAVYS.
The goblin shouts!
You hear a shout!
A goblin comes into view. It is wielding a +0 dagger.
Robin roars a battlecry!
The goblins go into a battle-frenzy!
A ball python comes into view.
The ball python hisses angrily.
The blast of sand hits the hobgoblin.
The hobgoblin is heavily wounded.
Robin laughs in a distinctly smug fashion.
Robin roars a battlecry!
The hobgoblin goes into a battle-frenzy!
The hobgoblin barely misses you. The hobgoblin hits you!
The blast of sand misses the hobgoblin.
The blast of sand hits the goblin.
You kill the goblin!
The ball python barely misses you. The ball python closely misses you.
The hobgoblin barely misses you.
An adder comes into view.
Are you sure you want to abandon this character and quit the game? (Confirm with "yes".)

, , #.## ### , #...
,, ..# * * #..# *
#.# ,,, , ..#
#..####.# ,?..,...
..#<# *#.# #.#
#.#<# * ~ #S#
#.###.#.# ~~~ ~,#@#
#.##....# , , ~ #g#
#.##....## * ~
#g###.....†..# *
,#gg.g........# *
#..S#.#.........#
......(.g#g##).(###
*###...#.g..##...#
* ##..##.#.###.## *
##. #.#g# ..#


You could see Robin, an adder (wandering), 2 hobgoblins, 3 goblins and a ball
python.

Vanquished Creatures
  2 endoplasms (D:1)
  2 goblins (D:2)
  2 ball pythons (D:1)
  A bat (D:2)
  A frilled lizard (D:1)
8 creatures vanquished.

Notes
Turn   | Place    | Note
-------+----------+-------------------------------------------
     0 | D:1      | sentinel the Meteoran Earth Elementalist began the quest
                  | for the Orb.
     0 | D:1      | Reached XP level 1. HP: 14/14 MP: 5/5
    59 | D:1      | Reached skill level 4 in Earth Magic
    63 | D:1      | Reached XP level 2. HP: 20/20 MP: 4/6
    78 | D:2      | Noticed Robin
    87 | D:2      | Quit the game

Illustrated notes

Levels and vault maps discovered:
D:1:      kennysheep_arrival_forest, layout_basic
D:2:      minmay_chambers_of_ones, layout_loops_ring, serial_shops,
          nicolae_shop_waterfront, grunt_decor_mini_mirrors, uniq_natasha,
          uniq_robin

Skill      XL: |  1 |
---------------+----+-----
Earth Magic    | 4 |  4.4
Dodging        | |  2.4
Stealth        | |  1.4
Spellcasting   | |  2.6
Transmutations | |  1.2

Action                   || total
-------------------------++-------
Melee: Unarmed           ||     1
 Cast: Sandblast         ||    10
Armor: Robe              ||     1
Dodge: Dodged            ||    12
